Unix NetHack Version 5.0.0-0 post-release - last build May 23 2026 06:08:33 (1c0ff79ee797540d5714e4e18072db0edd9e58ae,branch:main).

Game began 2026-05-24 11:32:20, ended 2026-05-24 11:38:55.

Jobair, neutral female human Tourist

                                      -----
   ------------                       |...|
   |%%!%.%(%%.|     -------------     |...|
   |%%%%%%!%%.|     |...........-# ----...----
   |%%%%.%.%(.-##@##:)..........|# |.........|
   |%.%%%%....|     |...........|# |.........-
   |(%.%.%%%..|     |.......>...|# |.........|
   |%..!%%.%%.|     -------------##--|-...----
   ------------                   ####|...|
                                     #....|
                                     #-----
                                     ##########
                                           ---.---
                                           |..%..+
                                           |.<(..|
                                           |......
                                           -------

Jobair the Sightseer        St:12 Dx:10 Co:16 In:14 Wi:6 Ch:17  Neutral
Dlvl:2  $:667 HP:20(24) Pw:9(9) AC:10 Xp:3 T:480 

Latest messages:
 The dart hits it.
 In what direction? 4
 The dart hits it.
 You swap places with Godzilla.
 That boulder is a small mimic!
 In what direction? 4
 The dart misses the small mimic.
 The small mimic hits!
 You swap places with Godzilla.
 In what direction? 4
 The dart misses.
 You swap places with Godzilla.
 In what direction? 4
 You see here a +2 dart.
 a - a +2 dart (at the ready) (12 in total).
 That dart is a small mimic!
 There is nothing here to pick up.
 In what direction? 4
 The dart hits it!
 In what direction? 4
 You kill it!
 Welcome to experience level 2.
 You see here 3 +2 darts.
 a - 3 +2 darts (at the ready) (13 in total).
 You see here 5 +2 darts.
 a - 5 +2 darts (at the ready) (18 in total).
 "Aloha, Jobair!  Welcome again to Ardjawinangun's delicatessen!"
 There is an open door here.
 You see here a +2 dart.
 a - a +2 dart (at the ready) (19 in total).
 You see here 3 +2 darts (no charge).
 a - 3 +2 darts (at the ready) (22 in total).
 "For you, good lady; only 22 zorkmids for this dart."
 u - a +2 dart (unpaid, 22 zorkmids).
 You bought a +2 dart for 22 gold pieces.
 "Thank you for shopping in Ardjawinangun's delicatessen!"
 You stop.  Godzilla is in the way!
 In what direction? 6
 It yowls!
 You kill it!
 Welcome to experience level 3.
 You hear the rumble of distant thunder...
 In what direction? 6
 The dart misses the gecko.
 Really quit without saving? [yn] (n) y
 Do you want your possessions identified? [ynq] (y) y
 Do you want to see your attributes? [ynq] (y) y
 Do you want an account of creatures vanquished? [ynaq] (y) y
 Do you want to see your conduct and achievements? [ynq] (y) y
 Do you want to see the dungeon overview? [ynq] (y) y

Inventory:
 Coins    ('$')
  $ - 667 gold pieces
 Weapons  (')')
  a - 20 +2 darts (at the ready)
  u - a +2 dart
  p - a +0 orcish dagger
 Armor    ('[')
  i - an uncursed +0 Hawaiian shirt with a tropical fish motif
 Comestibles  ('%')
  f - an uncursed goober
  c - an uncursed apple
  b - 6 uncursed food rations
  e - an uncursed pancake
  d - 2 uncursed eggs
 Scrolls  ('?')
  l - an uncursed scroll of destroy armor
  h - 4 uncursed scrolls of magic mapping
 Spellbooks  ('+')
  n - an uncursed spellbook of healing
 Potions  ('!')
  g - 2 uncursed potions of extra healing
  t - an uncursed potion of fruit juice
  q - 2 uncursed potions of healing
  r - 2 uncursed potions of water
  s - an uncursed potion of water
 Wands    ('/')
  m - a wand of cancellation (0:5)
 Tools    ('(')
  k - an uncursed credit card
  j - an expensive camera (0:60)
  o - an uncursed skeleton key

Jobair the Tourist's attributes:

Background:
 You were a Sightseer, a level 3 female human Tourist.
 You were neutral, on a mission for The Lady
 who was opposed by Blind Io (lawful) and Offler (chaotic).
 You were right-handed.
 You were in the Dungeons of Doom, on level 2.
 You entered the dungeon 480 turns ago.
 You had 44 experience points, 36 more were needed to attain level 4.

Basics:
 You had 20 out of 24 hit points.
 You had all 9 energy points (spell power).
 Your armor class was 10.
 Your wallet contained 667 zorkmids.
 Autopickup was off.

Final Characteristics:
 Your strength was 12 (limit:18/100).
 Your dexterity was 10 (limit:18).
 Your constitution was 16 (limit:18).
 Your intelligence was 14 (limit:18).
 Your wisdom was 6 (limit:18).
 Your charisma was 17 (limit:18).

Final Status:
 You weren't hungry.
 You were unencumbered.
 You were bare handed.
 You were unskilled in bare handed combat.
 You weren't wearing any armor.

Final Attributes:
 You had transgressed.
 You were unlucky.
 You survived.

Miscellaneous:
 You didn't encounter any bones levels.
 Total elapsed playing time was 6 minutes and 32 seconds.

Major events:
 Turn
    1: Jobair the neutral female human Tourist entered the dungeon
  478: attained the rank of Sightseer (level 3)
  480: quit

You didn't know any spells.

Skills:
 Fighting Skills
   bare handed combat [Unskilled]
   two weapon combat  [Unskilled]
   riding             [Unskilled]
 Weapon Skills
   dagger             [Unskilled]
   knife              [Unskilled]
   axe                [Unskilled]
   pick-axe           [Unskilled]
   short sword        [Unskilled]
   broadsword         [Unskilled]
   long sword         [Unskilled]
   two-handed sword   [Unskilled]
   saber              [Unskilled]
   mace               [Unskilled]
   morning star       [Unskilled]
   flail              [Unskilled]
   hammer             [Unskilled]
   quarterstaff       [Unskilled]
   polearms           [Unskilled]
   spear              [Unskilled]
   trident            [Unskilled]
   lance              [Unskilled]
   bow                [Unskilled]
   sling              [Unskilled]
   crossbow           [Unskilled]
   dart               [Basic]
   shuriken           [Unskilled]
   boomerang          [Unskilled]
   whip               [Unskilled]
   unicorn horn       [Unskilled]
 Spellcasting Skills
   divination spells  [Unskilled]
   enchantment spells [Unskilled]
   escape spells      [Unskilled]

Voluntary challenges:
 Character rerolling was not enabled.
 You were an atheist.
 You never hit with a wielded weapon.
 You never genocided any monsters.
 You never polymorphed an object.
 You never changed form.
 You used no wishes.
Achievements:
 You entered a shop.
 You attained the rank of Sightseer.

 The Dungeons of Doom: levels 1 to 2
    Level 1:
    Level 2: <- You were here.
       A food shop.


Vanquished creatures:
  a small mimic
  a kitten
  a fox
  a goblin
  a sewer rat
  a lichen
  3 newts
9 creatures vanquished.

No species were genocided or became extinct.

Aloha Jobair the Tourist...

You quit in The Dungeons of Doom on dungeon level 2 with 294 points,
and 667 pieces of gold, after 480 moves.
You were level 3 with a maximum of 24 hit points when you quit.

